 Dungeon Crawl Stone Soup version 0.21-a0-29-g43b3074 (webtiles) character file.

8612 grindst0ne the Demolition Ant (level 11, -18/83 HPs)
             Began as a Formicid Fighter on May 26, 2017.
             Was an Elder of Makhleb.
             Killed by the raging water
             ... invoked by a water nymph
              (19 damage)
             ... on level 8 of the Dungeon.
             The game lasted 00:39:59 (13887 turns).

grindst0ne the Demolition Ant (Formicid Fighter)   Turns: 13887, Time: 00:39:59

Health: -18/83     AC: 14    Str: 22    XL:     11   Next: 59%
Magic:  19/19      EV: 10    Int:  7    God:    Makhleb [****..]
Gold:   393        SH: 12    Dex: 11    Spells: 10/10 levels left

rFire    + . .     SeeInvis +   a - +1 war axe
rCold    + . .     Gourm    .   c - +0 shield
rNeg     . . .     Faith    .   w - +0 chain mail
rPois    +         Spirit   .   (helmet unavailable)
rElec    +         Reflect  .   e - +1 cloak
rCorr    +         Harm     .   i - +1 pair of gloves
MR       +....                  n - +0 pair of boots
Stlth    ..........             (no amulet)
Regen    0.3/turn               K - +3 ring of evasion
MPRegen  0.2/turn               (no ring)

@: resistant, flying
A: permanent stasis, dig shafts and tunnels, four strong arms, antennae 3,
hooves 1, clumsy 1, poison resistance
a: Dig, Shaft Self, Minor Destruction, Lesser Servant of Makhleb, Major
Destruction, Renounce Religion


You were on level 8 of the Dungeon.
You worshipped Makhleb.
Makhleb was greatly pleased with you.
You were very hungry.

You visited 1 branch of the dungeon, and saw 9 of its levels.

You collected 482 gold pieces.
You spent 89 gold pieces at shops.

Inventory:

Hand Weapons
 a - a +1 war axe (weapon)
 x - a cursed +0 blowgun
Missiles
 G - 11 tomahawks (quivered)
Armour
 b - a +0 scale mail
 c - a +0 shield (worn)
 d - a +0 scale mail of poison resistance
 e - a +1 cloak (worn)
 i - a +1 pair of gloves (worn)
 m - a +0 pair of boots
 n - a +0 pair of boots (worn)
 w - a +0 chain mail (worn)
Jewellery
 r - an uncursed ring of magical power
 A - an uncursed ring of magical power
 K - a +3 ring of evasion (left hand)
 R - an uncursed ring of magical power
Wands
 v - a wand of digging (16/24)
 y - a wand of polymorph (6/24)
 I - a wand of enslavement (5/24)
 M - a wand of iceblast (0/15)
 O - a wand of lightning (6/15)
Scrolls
 j - a scroll of teleportation
 k - 5 scrolls of remove curse
 H - a scroll of amnesia
Potions
 g - a potion of resistance
 h - 8 potions of curing
 F - 2 potions of magic
 N - a potion of haste
 P - a potion of brilliance
Books
 s - a book of Air

   Spells                             Type                      Level
   a - Shock                          Conjuration/Air              1
   b - Swiftness                      Charms/Air                   2
   c - Static Discharge               Conjuration/Air              3
   d - Airstrike                      Air                          4
   e - Lightning Bolt                 Conjuration/Air              5
 u - a book of Changes

   Spells                             Type                      Level
   a - Beastly Appendage              Transmutation                1
   b - Sticks to Snakes               Transmutation                2
   c - Spider Form                    Transmutation/Poison         3
   d - Ice Form                       Ice/Transmutation            4
   e - Blade Hands                    Transmutation                5
 z - a book of Necromancy

   Spells                             Type                      Level
   a - Pain                           Necromancy                   1
   b - Animate Skeleton               Necromancy                   1
   c - Vampiric Draining              Necromancy                   3
   d - Regeneration                   Charms/Necromancy            3
   e - Animate Dead                   Necromancy                   4
   f - Control Undead                 Necromancy                   4
 B - a book of Maledictions

   Spells                             Type                      Level
   a - Corona                         Hexes                        1
   b - Ensorcelled Hibernation        Hexes/Ice                    2
   c - Confuse                        Hexes                        3
   d - Tukima's Dance                 Hexes                        3
   e - Dazzling Spray                 Conjuration/Hexes            3
 C - a book of Misfortune

   Spells                             Type                      Level
   a - Confusing Touch                Hexes                        1
   b - Confuse                        Hexes                        3
   c - Gell's Gravitas                Translocation                3
   d - Petrify                        Transmutation/Earth          4
   e - Metabolic Englaciation         Hexes/Ice                    5
   f - Yara's Violent Unravelling     Hexes/Transmutation          5
 D - a book of the Sky

   Spells                             Type                      Level
   a - Summon Lightning Spire         Summoning/Air                4
   b - Silence                        Hexes/Air                    5
   c - Deflect Missiles               Charms/Air                   6
   d - Conjure Ball Lightning         Conjuration/Air              6
   e - Tornado                        Air                          9
 E - a book of Minor Magic

   Spells                             Type                      Level
   a - Magic Dart                     Conjuration                  1
   b - Blink                          Translocation                2
   c - Call Imp                       Summoning                    2
   d - Slow                           Hexes                        2
   e - Conjure Flame                  Conjuration/Fire             3
   f - Mephitic Cloud                 Conjuration/Poison/Air       3
Comestibles
 f - 5 bread rations
 p - 8 royal jellies
 q - 3 meat rations
 t - 2 fruits


   Skills:
 + Level 6.8 Fighting
 - Level 9.0 Axes
 - Level 3.2 Armour
 - Level 10.2 Shields
 - Level 10.8 Invocations
 - Level 7.5 Evocations


You had 10 spell levels left.
You didn't know any spells.

Dungeon Overview and Level Annotations

Branches:
Dungeon (9/15)             Temple (0/1) D:5            Lair (0/6) D:9
    Orc: D:9-12

Altars:
Ashenzari
Dithmenos
Fedhas
Makhleb
The Shining One

Shops:
D:4 *   D:7 =

Annotations:
D:7 exclusion: 2 downstairs
D:9 Pikel


Innate Abilities, Weirdness & Mutations

You cannot be hasted, slowed, berserked, paralysed or teleported.
You can dig through walls and to a lower floor.
Your four strong arms can wield two-handed weapons with a shield.
You have a pair of large antennae on your head. (SInv)
You have large cloven feet.
You are clumsy. (Dex -2)
Your system is resistant to poisons. (rPois)


Message History

The water nymph points at you and mumbles some strange words.
The water swirls and strikes you!
* * * LOW HITPOINT WARNING * * *
You closely miss the water nymph.
The water nymph is moderately wounded.
You block the water nymph's attack.
You feel very buoyant.
You fly up into the air.
The water nymph gestures at you while chanting.
The water rises up and strikes you!
* * * LOW HITPOINT WARNING * * *
You slash the water nymph!
The water nymph is heavily wounded.
You block the water nymph's attack.
You barely miss the water nymph.
The water nymph is heavily wounded.
You are feeling very hungry.
The water nymph casts a spell at you. The water rises up and strikes you!
You die...

########### ##
#...≈≈@...# .#
###.#.≈m≈.### .#
### ##...#.#####
.###.# #..###.#
.##.####.## #.#
.###.##..####.##
.#
##...##.....##
.##
#.##...####(#
..###....###
#.######


You could see a water nymph.

Vanquished Creatures
  2 two-headed ogres (D:9)
  The ghost of grindst0ne the Blocker, a novice FoFi of Makhleb (D:8)
  Joseph (D:7)
  4 hogs (D:8)
  A human (D:8)
  A hungry ghost (D:7)
  Menkaure (D:4)
  2 porcupines (D:9)
  4 orc warriors
  A black bear (D:7)
  3 sky beasts
  3 phantoms
  The ghost of blackwizard the Caller, an amateur TrSu (D:3)
  2 ice beasts (D:8)
  4 ogres
  6 centaurs
  2 crocodiles (D:9)
  2 big kobolds
  8 bullfrogs
  6 killer bees
  3 scorpions
  8 howler monkeys
  2 crimson imps (D:8)
  4 bullfrog zombies
  A quasit (D:8)
  4 hounds
  2 jellies
  9 orc priests
  Jessica (D:2)
  2 iguanas
  12 orc wizards
  7 worker ants
  3 hound zombies
  A worker ant zombie (D:6)
  A howler monkey skeleton (D:6)
  11 adders
  An adder skeleton (D:8)
  3 worms
  A dart slug (D:1)
  6 leopard geckos
  38 orcs
  2 ball pythons
  5 giant cockroaches
  12 goblins
  10 hobgoblins
  8 jackals
  16 kobolds
  A quokka (D:9)
  8 bats
  7 frilled lizards
  A giant cockroach zombie (D:5)
  A jackal skeleton (D:4)
  A quokka zombie (D:7)
  10 rats
257 creatures vanquished.

Vanquished Creatures (collateral kills)
  A two-headed ogre (D:8)
  2 centaurs (D:9)
3 creatures vanquished.

Vanquished Creatures (others)
  44 fungi (D:9)
  17 plants
61 creatures vanquished.

Grand Total: 321 creatures vanquished

Notes
Turn   | Place    | Note
-------+----------+-------------------------------------------
     0 | D:1      | grindst0ne the Formicid Fighter began the quest for the Orb.
     0 | D:1      | Reached XP level 1. HP: 18/18 MP: 1/1
   140 | D:1      | Reached XP level 2. HP: 20/24 MP: 2/2
   319 | D:1      | Reached XP level 3. HP: 16/30 MP: 3/3
   893 | D:2      | Reached XP level 4. HP: 33/37 MP: 4/4
   967 | D:2      | Noticed Jessica
   970 | D:2      | Killed Jessica
  1334 | D:3      | Reached XP level 5. HP: 18/43 MP: 5/5
  1649 | D:3      | Noticed a phantom
  1700 | D:3      | Killed a phantom
  1700 | D:3      | Reached skill level 5 in Fighting
  1700 | D:3      | Reached XP level 6. HP: 8/51 MP: 6/6
  2020 | D:3      | Noticed blackwizard's ghost (amateur TrSu)
  2032 | D:3      | Killed blackwizard's ghost
  2490 | D:3      | Found a burning altar of Makhleb.
  2495 | D:3      | Found a shadowy altar of Dithmenos.
  2752 | D:3      | Became a worshipper of Makhleb the Destroyer
  3008 | D:4      | Noticed an ogre
  3013 | D:4      | Killed an ogre
  3013 | D:4      | Reached skill level 5 in Axes
  3013 | D:4      | Reached XP level 7. HP: 26/58 MP: 7/7
  3281 | D:4      | Reached skill level 5 in Shields
  3620 | D:4      | Noticed Menkaure
  3660 | D:4      | Killed Menkaure
  3660 | D:4      | Reached XP level 8. HP: 46/64 MP: 8/8
  3899 | D:4      | Reached * piety under Makhleb
  3995 | D:4      | Found Tiwofe's Serpentskin Sales.
  4340 | D:4      | Bought a +0 scale mail of poison resistance for 88 gold pieces
  4340 | D:4      | Bought a cursed +0 blowgun for 1 gold piece
  4572 | D:5      | Entered Level 5 of the Dungeon
  4734 | D:5      | Found a shattered altar of Ashenzari.
  4875 | D:5      | Reached skill level 10 in Shields
  4974 | D:5      | Found a staircase to the Ecumenical Temple.
  4996 | D:5      | Reached XP level 9. HP: 63/69 MP: 9/9
  5389 | D:6      | Reached ** piety under Makhleb
  6148 | D:7      | Noticed Joseph
  6196 | D:7      | Killed Joseph
  6585 | D:7      | Reached skill level 1 in Invocations
  6672 | D:7      | Reached XP level 10. HP: 67/76 MP: 12/12
  6820 | D:7      | Found Viuv's Jewellery Shoppe.
  7202 | D:8      | Reached skill level 5 in Invocations
  7393 | D:8      | Noticed grindst0ne's ghost (novice FoFi)
  7588 | D:8      | Reached *** piety under Makhleb
  7655 | D:8      | Gained mutation: You are clumsy. (Dex -2) [potion of mutation]
  7655 | D:8      | Gained mutation: Your system is resistant to poisons. (rPois) [potion of mutation]
  7655 | D:8      | Gained mutation: You have large cloven feet. [potion of mutation]
  8269 | D:8      | Found a glowing golden altar of the Shining One.
  9290 | D:9      | Noticed a two-headed ogre
  9302 | D:9      | Killed a two-headed ogre
  9302 | D:9      | Reached skill level 10 in Invocations
  9302 | D:9      | Reached XP level 11. HP: 62/81 MP: 17/19
  9316 | D:9      | Reached skill level 1 in Evocations
  9881 | D:9      | Noticed a two-headed ogre
  9890 | D:9      | Killed a two-headed ogre
  9890 | D:9      | Reached skill level 5 in Evocations
  9944 | D:9      | Reached **** piety under Makhleb
  9978 | D:9      | Noticed a two-headed ogre
 10300 | D:8      | Killed a two-headed ogre
 10859 | D:9      | Found a staircase to the Lair.
 10949 | D:9      | Found a blossoming altar of Fedhas.
 11265 | D:9      | Noticed a centaur warrior
 11265 | D:9      | Noticed a centaur warrior
 11265 | D:9      | Noticed a purple ugly thing
 11266 | D:9      | Noticed Pikel
 13486 | D:8      | Killed grindst0ne's ghost
 13580 | D:9      | a centaur warrior changed into a water nymph
 13885 | D:8      | HP: 1/83 [water nymph/the raging water (17)]
 13887 | D:8      | Killed from afar by a water nymph

Vault maps used:
D:1:      dpeg_arrival_subterranean_lakeside_camping, st_stairs_2,
          hangedman_decor_push
D:2:      uniq_jessica
D:3:      wad_woods_pond, minitemple, kennysheep_doodads
D:4:      guppyfry_shop_venom, uniq_menkaure
D:5:      temple_doors_e, first_bread, evilmike_ruin_ashenzari
D:7:      serial_shops, nicolae_shop_waterfront, uniq_joseph
D:8:      tso_oasis_becter, grunt_livestock
D:9:      minmay_shrinking_squares, fedhas_altar_2, due_lair_maze_entry_diamond,
          uniq_pikel

Skill      XL: |  1  2  3  4  5  6  7  8  9 10 11 |
---------------+----------------------------------+-----
Fighting       | 4 5 6 |  6.8
Axes           | 3 4 5 9 |  9.0
Shields        | 6 10 | 10.2
Invocations    | 2 10 | 10.8
Evocations     | 7 |  7.5
Armour         | |  3.2

Action                   |  1- 3 |  4- 6 |  7- 9 | 10-12 || total
-------------------------+-------+-------+-------+-------++-------
Melee: War axe           |   103 |   154 |   448 |   684 ||  1389
Invok: Lesser Servant of |       |       |       |     4 ||     4
 Abil: Dig               |     1 |       |    10 |    15 ||    26
Evoke: Wand              |       |       |       |    13 ||    13
  Use: Scroll            |     4 |       |     6 |     8 ||    18
       Potion            |       |       |     2 |    10 ||    12
  Eat: Chunk             |       |     7 |     8 |    19 ||    34
       Meat ration       |       |       |     1 |       ||     1
       Bread ration      |       |       |     1 |     1 ||     2
       Fruit             |       |       |       |     1 ||     1
Armor: Scale mail        |    42 |    59 |   153 |    96 ||   350
       Chain mail        |       |       |     5 |    97 ||   102
Dodge: Dodged            |    39 |    47 |   113 |   217 ||   416
Block: Shield            |    53 |    81 |   259 |   409 ||   802
